 Dungeon Crawl Stone Soup version 0.30-a0-451-ge042605de7 (webtiles) character file.

Game seed: 14768993537079457389

65268 cforsyth the Severer (level 14, -17/202 HPs)
             Began as a Minotaur Berserker on Dec 11, 2022.
             Was the Champion of Trog.
             Demolished by an ettin
             ... wielding a +0 dire flail
              (34 damage)
             ... on level 1 of the Orcish Mines.
             The game lasted 00:42:48 (22913 turns).

cforsyth the Severer (Minotaur Berserker)          Turns: 22913, Time: 00:42:50

Health: -17/202    AC: 27    Str: 26    XL:     14   Next: 74%
Magic:  0/13       EV: 12    Int:  4    God:    Trog [******]
Gold:   1975       SH:  0    Dex: 11    Spells: 13/13 levels left

rFire   + . .      SeeInvis .    N - +6 battleaxe (flame)
rCold   + . .      Faith    .    (shield currently unavailable)
rNeg    . . .      Spirit   +    t - +1 plate armour {Will+}
rPois   .          Reflect  .    h - +0 hat
rElec   .          Harm     .    a - +0 cloak
rCorr   .          Rampage  .    Y - +2 pair of gloves
Will    ++...                    W - +2 pair of boots
Stlth   ..........               P - amulet of guardian spirit
HPRegen 0.53/turn                I - ring of protection from fire
MPRegen 0.13/turn                v - ring of protection from cold

@: berserking, silenced, very quick
A: horns 2, retaliatory headbutt
a: Renounce Religion


You were on level 1 of the Orcish Mines.
You worshipped Trog.
Trog was exalted by your worship.
You visited 3 branches of the dungeon, and saw 19 of its levels.

You collected 2038 gold pieces.
You spent 63 gold pieces at shops.

Inventory:

Hand Weapons
 G - a +7 antimagic battleaxe
 N - a +6 battleaxe of flaming (weapon)
 V - a +5 vorpal broad axe
Missiles
 U - a throwing net (quivered)
Armour
 a - a +0 cloak (worn)
 h - a +0 hat (worn)
 r - a +0 buckler
 t - a +1 plate armour of willpower (worn)
 W - a +2 pair of boots (worn)
 Y - a +2 pair of gloves (worn)
Jewellery
 m - a ring of willpower
 v - a ring of protection from cold (right hand)
 y - a ring of magical power
 I - a ring of protection from fire (left hand)
 L - a +6 ring of intelligence
 P - an amulet of guardian spirit (around neck)
 R - a ring of ice
 T - a ring of willpower
Wands
 q - a wand of iceblast (19)
 A - a wand of charming (5)
 B - a wand of flame (24)
 F - a wand of acid (8)
 K - a wand of digging (19)
 Q - a wand of mindburst (6)
Scrolls
 b - 4 scrolls of enchant armour
 d - 2 scrolls of vulnerability
 g - 3 scrolls of enchant weapon
 i - a scroll of fear
 k - 15 scrolls of teleportation
 n - 4 scrolls of identify
 o - a scroll of brand weapon
 u - 3 scrolls of poison
 z - a scroll of immolation
 D - 3 scrolls of magic mapping
 H - 2 scrolls of blinking
 O - a scroll of torment
 S - a scroll of silence
 X - a scroll of fog
Potions
 c - 6 potions of heal wounds
 e - 3 potions of invisibility
 f - 10 potions of curing
 j - 6 potions of lignification
 l - 2 potions of flight
 p - 3 potions of might
 s - 2 potions of cancellation
 w - 3 potions of ambrosia
 x - 2 potions of haste
 C - 3 potions of berserk rage
 E - 3 potions of resistance
 M - 2 potions of mutation
 Z - a potion of attraction


   Skills:
 + Level 15.5 Fighting
 + Level 15.6 Axes
 + Level 15.5 Armour
 + Level 14.2 Dodging
 - Level 5.0 Shields
 - Level 5.0 Evocations


You had 13 spell levels left.
You didn't know any spells.
Your spell library was empty.

Dungeon Overview and Level Annotations

Branches:
Dungeon (13/15)            Temple (0/1) D:5            Lair (5/5) D:10
  Swamp (0/4) Lair:2       Spider (0/4) Lair:3        Slime (0/5) Lair:4
    Orc (1/2) D:9
 Vaults: D:13-14

Altars:
Ashenzari
Fedhas
Hepliaklqana
Kikubaaqudgha
Makhleb
Okawaru
Qazlal
Ru
Trog
Uskayaw
The Shining One
Jiyva

Shops:
D:3 !   D:6 *

Annotations:
D:7 2 transporters
D:11 1 runed translucent door
Lair:4 exclusion: 3 oklob plants
Orc:1 1 transporter, 1 runed translucent door


Innate Abilities, Weirdness & Mutations

You have a pair of horns on your head.
You reflexively headbutt those who attack you in melee.


Message History

The deep troll misses you. The deep troll claws you.
* * * LOW HITPOINT WARNING * * *
The troll closely misses you. You furiously retaliate!
You headbutt the troll! The troll completely misses you.
The troll claws you but does no damage.
Unknown command.
Unknown command.
Okay, then.
Okay, then.
Unknown command.
A red film seems to cover your vision as you go berserk!
You feel yourself moving faster!
You feel mighty! The troll misses you. The troll barely misses you.
The troll claws you but does no damage. The deep troll bites you!!
* * * LOW HITPOINT WARNING * * *
The deep troll claws you!
* * * LOW HITPOINT WARNING * * *
The deep troll claws you but does no damage.
You slice the troll!! You burn the troll!
You kill the troll!
Trog accepts your kill.
The troll leather armour is intact enough to wear.
You barely miss the deep troll. The deep troll misses you.
The deep troll claws you.
The deep troll claws you but does no damage.
Unknown command.
Unknown command.
Unknown command.
You slice the ettin!! You burn the ettin.
The ettin is moderately wounded.
You closely miss the deep troll. The deep troll barely misses you.
The deep troll closely misses you. The deep troll claws you.
* * * LOW HITPOINT WARNING * * *
Unknown command.
Unknown command.
You slice the ettin!! You burn the ettin.
The ettin is severely wounded.
You closely miss the deep troll. The deep troll misses you.
The deep troll closely misses you. The deep troll barely misses you.
The ettin hits you with a +0 dire flail!!
You die... ...# eye#°

##.#.#... ...# ##### ###... ...#
......## ##.. ...### ....C..##
##. ...#y# ⌠..###...######## ##
...#### ...$#y#.....#....#### #.
......##...$$ ###''###....##.###.
......##C.($: ##T[.##....!....##.
.....©##..![_+W#@C©##©...........
......##..)=)###...##............
......##...$$ ###++###....#.#.#..
...#### ....$ y#....######.
...#y# .⌠.. ######## #. ...###
.... ## ...# ... # ...# ...# ###


You could see an ettin and a deep troll (berserk).

Vanquished Creatures
  Gastronok (D:10)
  Josephine (D:10)
  A fire dragon (Lair:5)
  The ghost of DeathPants the Slicer, a journeyman VSFi of Gozag (Lair:1)
  A great orb of eyes (Lair:1)
  4 hydras
  A centaur warrior (D:10)
  A catoblepas (Lair:3)
  Erica (Orc:1)
  4 two-headed ogres
  2 boulder beetles
  A death yak (Lair:2)
  Lodul (D:10)
  2 bog bodies (Lair:2)
  2 lindwurms
  3 ugly things
  A cyclops (Orc:1)
  An orc sorcerer (Orc:1)
  3 manticores (D:11)
  A moth of wrath (Orc:1)
  16 elephants
  9 cane toads
  8 black mambas
  4 torpor snails
  A gargoyle (D:12)
  4 molten gargoyles
  A kobold demonologist (D:8)
  12 komodo dragons
  2 rime drakes
  4 polar bears
  A hornet (D:10)
  2 trolls
  5 slime creatures
  10 blink frogs
  4 dream sheep (Lair:4)
  A centaur simulacrum (D:12)
  2 shadows (D:10)
  10 basilisks
  5 wraiths
  8 wyverns
  39 yaks
  3 redbacks (Lair:3)
  3 steam dragons
  2 vampire mosquitoes (D:11)
  3 swamp worms (Lair:2)
  5 wargs
  Duvessa (D:5)
  5 hell hounds (Lair:5)
  14 water moccasins
  3 ice beasts
  11 orc warriors
  8 ogres
  A sky beast (D:7)
  2 black bears
  4 boggarts (Lair:3)
  6 centaurs
  50 wolves
  2 phantoms
  5 kobold brigands
  6 necrophages
  13 bullfrogs
  4 scorpions
  5 wights (D:9)
  Dowan (D:5)
  4 killer bees (D:10)
  2 electric eels
  2 howler monkeys
  10 lava snakes
  2 jellies (Lair:1)
  3 gnoll boudas
  A human zombie (D:5)
  18 orc priests
  4 hounds
  3 iguanas
  Ijyb (D:3)
  20 orc wizards
  4 hound zombies (D:5)
  A mummy (D:5)
  A howler monkey zombie (D:5)
  Robin (D:2)
  12 gnolls
  3 adders
  A shadow imp (D:5)
  4 ufetubi
  3 adder zombies (D:5)
  5 worms
  2 dart slugs
  48 orcs
  6 ball pythons
  7 bats
  12 endoplasms
  4 giant cockroaches
  12 goblins
  8 hobgoblins
  6 jackals (D:1)
  5 frilled lizards
  27 kobolds
  17 rats
597 creatures vanquished.

Vanquished Creatures (others)
  18 fungi
  18 plants
36 creatures vanquished.

Grand Total: 633 creatures vanquished

Notes
Turn   | Place    | Note
-------+----------+-------------------------------------------
     0 | D:1      | cforsyth the Minotaur Berserker began the quest for the
                  | Orb.
     0 | D:1      | Reached XP level 1. HP: 19/19 MP: 0/0
   124 | D:1      | Reached XP level 2. HP: 27/27 MP: 1/1
   296 | D:1      | Reached XP level 3. HP: 29/33 MP: 2/2
   447 | D:1      | Reached ** piety under Trog
  1192 | D:2      | Found a faded altar of an unknown god.
  1343 | D:2      | Noticed Robin
  1353 | D:2      | Reached XP level 4. HP: 38/41 MP: 3/3
  1356 | D:2      | Killed Robin
  1821 | D:3      | Reached XP level 5. HP: 15/47 MP: 4/4
  1968 | D:3      | Found Kuuz's Distillery.
  1991 | D:3      | Noticed Ijyb
  2002 | D:3      | Killed Ijyb
  2184 | D:3      | Reached *** piety under Trog
  2215 | D:3      | Found a burning altar of Makhleb.
  2373 | D:3      | Reached skill level 5 in Axes
  2383 | D:3      | Reached skill level 5 in Fighting
  2583 | D:3      | Reached skill level 1 in Evocations
  2739 | D:4      | Reached XP level 6. HP: 54/56 MP: 5/5
  3079 | D:4      | Found a hide-covered altar of Uskayaw.
  3192 | D:4      | Reached XP level 7. HP: 60/61 MP: 6/6
  3228 | D:5      | Entered Level 5 of the Dungeon
  3242 | D:5      | Reached skill level 5 in Armour
  3315 | D:5      | Found a glowing golden altar of the Shining One.
  3319 | D:5      | Reached **** piety under Trog
  3847 | D:4      | Reached skill level 5 in Dodging
  4595 | D:5      | Found a stormy altar of Qazlal.
  4797 | D:5      | Found a staircase to the Ecumenical Temple.
  4813 | D:5      | Reached XP level 8. HP: 66/67 MP: 7/7
  4846 | D:5      | Noticed Duvessa
  4846 | D:5      | Noticed Dowan
  4853 | D:5      | Killed Dowan
  4861 | D:5      | Killed Duvessa
  4926 | D:5      | Found an ancient bone altar of Kikubaaqudgha.
  5143 | D:6      | Found a broken altar of Ashenzari.
  5248 | D:6      | Reached XP level 9. HP: 76/79 MP: 8/8
  5344 | D:6      | Reached ***** piety under Trog
  5397 | D:6      | Found Neuczeo's Assorted Antiques.
  5408 | D:6      | Bought a scroll labelled JAF XIZXOWASK for 21 gold pieces
  5408 | D:6      | Bought a scroll labelled SUZUPS HETONKI for 21 gold pieces
  5408 | D:6      | Bought a scroll labelled NOQIUD ULIHUIN for 21 gold pieces
  5843 | D:7      | Found a transporter.
  5933 | D:7      | Found a transporter.
  6205 | D:7      | Found a blossoming altar of Fedhas.
  6205 | D:7      | Found an iron altar of Okawaru.
  6376 | D:8      | Noticed a two-headed ogre
  6384 | D:8      | Killed a two-headed ogre
  6385 | D:8      | Reached skill level 5 in Evocations
  6469 | D:8      | Noticed a two-headed ogre
  6477 | D:8      | Killed a two-headed ogre
  6478 | D:8      | Reached XP level 10. HP: 60/90 MP: 9/9
  6868 | D:8      | Identified the +6 dagger "Minotaur's Bane" {flame, *Corrode
                  | Str+4 Int+5}
  7245 | D:9      | Noticed a moth of wrath
  7248 | D:9      | Found a bloodstained altar of Trog.
  7304 | D:9      | Noticed a two-headed ogre
  7314 | D:9      | Killed a two-headed ogre
  7334 | D:9      | Identified the +1 dagger of Extremism {holy, Fragile rElec
                  | Int+4 Stlth+}
  7512 | D:9      | Found a staircase to the Orcish Mines.
  7846 | D:9      | Reached skill level 10 in Axes
  7976 | D:9      | Reached skill level 10 in Fighting
  8451 | D:9      | Reached skill level 10 in Armour
  8742 | D:10     | Entered Level 10 of the Dungeon
  8742 | D:10     | Noticed a two-headed ogre
  8748 | D:10     | Killed a two-headed ogre
  8749 | D:10     | Reached XP level 11. HP: 100/100 MP: 10/10
  8962 | D:10     | Noticed a centaur warrior
  9360 | D:10     | Noticed Lodul
  9473 | D:10     | Killed a centaur warrior
  9982 | D:10     | Found a sacrificial altar of Ru.
 10005 | D:10     | Noticed Gastronok
 10014 | D:10     | Killed Gastronok
 10409 | D:10     | Found a staircase to the Lair.
 10512 | D:10     | Noticed Josephine
 10519 | D:10     | Killed Josephine
 10527 | D:10     | Reached skill level 10 in Dodging
 10833 | D:11     | Noticed a brown ugly thing
 10846 | D:11     | Killed a brown ugly thing
 11848 | D:11     | Found a runed translucent door.
 11848 | D:11     | Noticed a cyan ugly thing
 11849 | D:11     | Noticed a tengu reaver
 11853 | D:11     | Killed a cyan ugly thing
 12161 | D:11     | Noticed a cyan ugly thing
 12232 | D:12     | Noticed a boulder beetle
 12252 | D:11     | Killed a boulder beetle
 12545 | D:12     | Noticed a brown ugly thing
 12551 | D:12     | Killed a brown ugly thing
 12552 | D:12     | Reached XP level 12. HP: 107/110 MP: 11/11
 13428 | Lair:1   | Entered Level 1 of the Lair of Beasts
 13567 | Lair:1   | Reached ****** piety under Trog
 14281 | Lair:1   | Received a gift from Trog
 14653 | D:11     | Identified the ring of Wafuecal {Dex+5 SInv}
 14867 | D:10     | Killed Lodul
 14868 | D:10     | Reached skill level 1 in Shields
 15159 | Lair:1   | Found a runed translucent gate.
 15159 | Lair:1   | Found a runed translucent gate.
 15160 | Lair:1   | Found a runed translucent gate.
 15160 | Lair:1   | Noticed DeathPants's ghost (journeyman VSFi)
 15161 | Lair:1   | Noticed a great orb of eyes
 15328 | Lair:1   | Found a viscous altar of Jiyva.
 15398 | Lair:2   | Noticed a seven-headed hydra
 15406 | Lair:2   | Killed a 12-headed hydra
 15446 | Lair:2   | Noticed an eight-headed hydra
 15454 | Lair:2   | HP: 5/169 [seven-headed hydra (5)]
 15456 | Lair:2   | Killed a five-headed hydra
 15846 | Lair:2   | Noticed a death yak
 15854 | Lair:2   | Killed a death yak
 16102 | Lair:2   | Reached XP level 13. HP: 106/122 MP: 10/12
 16502 | Lair:2   | Found a staircase to the Swamp.
 17138 | Lair:3   | Found a hazy altar of Hepliaklqana.
 17456 | Lair:3   | Found a hole to the Spider Nest.
 17642 | Lair:3   | Reached skill level 5 in Shields
 17682 | Lair:3   | Received a gift from Trog
 17754 | Lair:3   | Identified the +4 spear "Worm" {vorpal, *Slow rPois Str+8}
 18866 | Lair:4   | Found a staircase to the Slime Pits.
 18879 | Lair:4   | Found a viscous altar of Jiyva.
 19959 | Lair:5   | Entered Level 5 of the Lair of Beasts
 19986 | Lair:5   | Reached XP level 14. HP: 26/133 MP: 3/13
 20271 | Lair:5   | Received a gift from Trog
 20484 | Lair:5   | Reached skill level 15 in Axes
 20743 | Lair:5   | Reached skill level 15 in Fighting
 21096 | Lair:5   | Found a large runed translucent door.
 21120 | Lair:5   | Found a large runed translucent door.
 21128 | Lair:5   | Reached skill level 15 in Armour
 21870 | Lair:5   | Identified the +10 dagger "Vusuutuc" {speed, rF+ Int+3}
 22056 | Lair:1   | Killed DeathPants's ghost
 22177 | Orc:1    | Entered Level 1 of the Orcish Mines
 22180 | Orc:1    | Noticed Erica
 22188 | Orc:1    | Killed Erica
 22435 | Orc:1    | Found a bloodstained altar of Trog.
 22435 | Orc:1    | Found the necklace of Bloodlust {*Rage Will++ Int-3 Slay+6}
 22736 | Orc:1    | Received a gift from Trog
 22872 | Orc:1    | Found a transporter.
 22897 | Orc:1    | Found a transporter.
 22897 | Orc:1    | Found a runed translucent door.
 22913 | Orc:1    | Demolished by an ettin

Illustrated notes

Levels and vault maps discovered:
D:1:      dpeg_arrival_connections, layout_basic
D:2:      layout_loops_ring, nicolae_ecumenical_oubliette, minmay_hexomino_p4,
          uniq_robin
D:3:      layout_loops_ring, lightli_temple_of_fire, serial_shops,
          shop_fountains, minmay_misc_feat_nine_boxes, kennysheep_nub, uniq_ijyb
D:4:      layout_cave_pools, mainiacjoe_overflow_brackets
D:5:      layout_basic, lemuel_mausoleum_altar_kikubaaqudgha,
          minmay_temple_entry_statues_pillars, supply_closet_lemuel,
          hangedman_feature_mirror, uniq_duvessa
D:6:      layout_cave_pools, mainiacjoe_overflow_catwalk, serial_shops,
          nicolae_shop_advertising_works [nicolae_subvault_shop_adworks]
D:7:      gammafunk_steamed_eel, layout_rooms, nicolae_overflow_two_pavilions
D:8:      layout_rooms
D:9:      layout_stronghold, tgw_trog, erik_orc_4
D:10:     layout_basic, pf_just_have_faith, lair_entry_dummy, uniq_lodul,
          uniq_josephine, uniq_gastronok
D:11:     layout_long_grid, minivault_13
D:12:     layout_rooms
D:13:     layout_basic, kennysheep_another_room
Lair:1:   layout_small_grid, gammafunk_ghost_ooze, minivault_27, minivault_26,
          nicolae_lair_lindhole, infiniplex_staircase_pool, grunt_megastairs_3,
          serial_bayou_shore_a
Lair:2:   layout_loops_ring, nicolae_swamp_entry_splash_gauntlet
Lair:3:   cheibrodos_magma_flow, layout_hall_layers, spider_nest_entry_webs,
          basic_altar, kilobyte_rumbling_trees
Lair:4:   layout_hall_layers, minmay_slime_entry_oklob_open, lemuel_fruit_tree,
          grunt_megastairs_1
Lair:5:   cheibrodos_lair_end_hotspot, layout_hall_layers
Orc:1:    emtedronai_trogs_sanctum, layout_diamond_mine,
          nicolae_orc_damp_corner, nooodl_orcs_dogs, uniq_erica

Skill      XL: |  1  2  3  4  5  6  7  8  9 10 11 12 13 14 |
---------------+-------------------------------------------+-----
Axes           | 4 5 6 7 9 10 11 13 14 15 | 15.6
Fighting       | 4 5 6 7 8 10 11 13 14 15 | 15.5
Armour         | 3 4 5 6 8 10 11 13 14 15 | 15.5
Dodging        | 3 4 5 6 7 9 10 11 13 14 | 14.2
Evocations     | 1 2 4 5 |  5.0
Shields        | 3 5 |  5.0

Action                   |  1- 3 |  4- 6 |  7- 9 | 10-12 | 13-15 || total
-------------------------+-------+-------+-------+-------+-------++-------
Melee: Hand axe          |    93 |    82 |       |       |       ||   175
       Headbutt          |    10 |    15 |    50 |   122 |   101 ||   298
       War axe           |       |    38 |   274 |   179 |       ||   491
       Punch             |       |       |     5 |     1 |       ||     6
       Battleaxe         |       |       |       |   247 |   455 ||   702
       Broad axe         |       |       |       |    51 |       ||    51
Invok: Berserk           |     1 |     1 |     2 |     7 |     2 ||    13
       Trog's Hand       |       |       |     1 |       |     4 ||     5
Evoke: Wand              |       |       |       |       |     1 ||     1
  Use: Scroll            |       |       |       |    10 |    20 ||    30
       Potion            |       |       |       |       |     1 ||     1
 Stab: Sleeping          |     1 |     2 |       |       |       ||     3
Armor: Animal skin       |    14 |     3 |       |       |       ||    17
       Ring mail         |       |    31 |   158 |   147 |       ||   336
       Plate armour      |       |       |       |    88 |   302 ||   390
Dodge: Dodged            |    76 |    70 |   226 |   360 |   349 ||  1081
Block: Buckler           |       |       |       |    10 |       ||    10

Table legend: (Time is in decaauts)
 A = Elapsed time spent in this place.
 B = Non-inter-level travel time spent in this place.
 C = Inter-level travel time spent in this place.
 D = Time resting spent in this place.
 E = Time spent auto-exploring this place.
 F = Levels seen in this place.
 G = Mean time per level.
                   A        B        C        D        E       F      G
               +--------+--------+--------+--------+--------+-----+--------+
         Total |  23181 |  22005 |   1176 |   3665 |  14521 |  19 | 1220.1 |
       Dungeon |  14204 |  13461 |    743 |   2938 |   8127 |  13 | 1092.6 |
          Lair |   8246 |   7814 |    432 |    727 |   5848 |   5 | 1649.2 |
  Orcish Mines |    731 |    731 |      0 |      0 |    545 |   1 |  731.0 |
               +--------+--------+--------+--------+--------+-----+--------+

Top non-repeatable levels by time:
     D:9: 2289 daAuts
  Lair:5: 1990 daAuts
    D:10: 1887 daAuts
  Lair:3: 1881 daAuts
  Lair:1: 1813 daAuts
    D:11: 1812 daAuts
     D:4: 1638 daAuts
  Lair:2: 1489 daAuts
  Lair:4: 1070 daAuts
     D:3: 1000 daAuts
    D:12: 978 daAuts
     D:1: 930 daAuts
     D:2: 836 daAuts
     D:5: 796 daAuts
   Orc:1: 731 daAuts
